 Dungeon Crawl Stone Soup version 0.19.5 (webtiles) character file.

128 Gargoyl the Skirmisher (level 5, -5/46 HPs)
             Began as a Ghoul Abyssal Knight on Apr 24, 2017.
             Was a Believer of Lugonu.
             Slain by a scorpion (7 damage)
             ... on level 4 of the Dungeon.
             The game lasted 00:05:35 (1937 turns).

Gargoyl the Skirmisher (Ghoul Abyssal Knight)       Turns: 1937, Time: 00:05:35

Health: -5/46      AC:  4    Str: 16    XL:     5   Next: 11%
Magic:  5/5        EV: 11    Int:  9    God:    Lugonu [**....]
Gold:   197        SH:  0    Dex:  9    Spells: 0 memorised, 4 levels left

rFire  . . .     SeeInvis .     o - +0 war axe
rCold  + . .     Gourm    .     b - +0 leather armour
rNeg   + + +     Faith    .     (no shield)
rPois  ∞         Spirit   .     (no helmet)
rElec  .         Reflect  .     (no cloak)
rCorr  .         Harm     .     d - +0 pair of gloves
MR     .....                    (no boots)
Stlth  +.........               h - amulet of magic regeneration
                                (no ring)
                                k - +2 ring of intelligence

@: rotting
A: rotting body, claws 1, carnivore 3, cold resistance 1, negative energy
resistance 3, slow regeneration 1, torment resistance, unbreathing
a: Depart the Abyss, Bend Space, Renounce Religion


You were on level 4 of the Dungeon.
You worshipped Lugonu.
Lugonu was pleased with you.
You were not hungry.

You visited 1 branch of the dungeon, and saw 4 of its levels.
You visited the Abyss 1 time.

You collected 197 gold pieces.

Inventory:

Hand Weapons
 a - a +1 hand axe
 m - a +0 antimagic spear
 o - a +0 war axe (weapon)
Missiles
 s - 5 tomahawks (quivered)
Armour
 b - a +0 leather armour (worn)
 d - a +0 pair of gloves (worn)
Jewellery
 h - an amulet of magic regeneration (around neck)
 k - a +2 ring of intelligence (left hand)
 q - an uncursed amulet of rage {unknown}
Scrolls
 e - 2 scrolls of amnesia
Potions
 g - a potion of lignification {unknown}
 j - 2 potions of heal wounds {unknown}
 l - a potion of might {unknown}
 n - a potion of brilliance {unknown}
 p - a potion of flight {unknown}
Comestibles
 c - 4 meat rations
 f - a royal jelly
 i - 3 chunks of flesh


   Skills:
 + Level 3.8 Fighting
 + Level 3.1 Axes
 * Level 2.7 Armour
 + Level 1.4 Dodging
 * Level 2.6 Invocations


You had 4 spell levels left.
You didn't know any spells.

Dungeon Overview and Level Annotations

Branches:
Dungeon (4/15)
 Temple: D:4-7

Altars:
Dithmenos
Hepliaklqana
Kikubaaqudgha
Makhleb
Okawaru
Zin


Innate Abilities, Weirdness & Mutations

Your body is rotting away.
You thrive on raw meat.
You are immune to poison.
You have sharp fingernails.
You are carnivorous and can eat meat at any time.
Your flesh is cold resistant. (rC+)
You are immune to negative energy. (rN+++)
You regenerate slowly when monsters are visible.
You are immune to unholy pain and torment.
You can survive without breathing.


Message History

You barely miss the scorpion.
The scorpion is severely wounded.
The scorpion stings you. x2
* * * LOW HITPOINT WARNING * * *
You completely miss the scorpion.
The scorpion is severely wounded.
The scorpion stings you.
* * * LOW HITPOINT WARNING * * *
You closely miss the scorpion.
The scorpion is severely wounded.
The scorpion stings you.
* * * LOW HITPOINT WARNING * * *
You closely miss the scorpion.
The scorpion is severely wounded.
The scorpion closely misses you. The scorpion stings you.
* * * LOW HITPOINT WARNING * * *
You hit the scorpion.
The scorpion is severely wounded.
The scorpion stings you!
You die...

...# .....# .. ...###
#....######.### ##.....##
+.............. ......... #
#.........# #.# #..≈≈≈..#
#.##.........# #.###..≈≈≈...
..#..........#.#s##...≈≈≈...
.............+..@.....≈≈≈...
#............###.###...8....
#..............#+###........
...#.#.......#..............
.....#.......#..............
.....#.......#............##
.....#.......#............#
.....#.......#.#+#.#......#
##+#............ #+#......#


You could see a scorpion.

Vanquished Creatures
  A worker ant (D:4)
  3 adders
  A shadow imp (D:3)
  3 dart slugs
  A leopard gecko (D:3)
  4 orcs (D:3)
  6 bats
  7 goblins
  8 hobgoblins
  3 jackals (D:1)
  2 quokkas (D:2)
  3 frilled lizards
  4 kobolds
  11 rats
57 creatures vanquished.

Vanquished Creatures (others)
  A starspawn tentacle (Abyss:3)
1 creature vanquished.

Grand Total: 58 creatures vanquished

Notes
Turn   | Place    | Note
-------+----------+-------------------------------------------
     0 | Abyss:1  | Gargoyl the Ghoul Abyssal Knight began the quest for the Orb.
     0 | Abyss:1  | Reached XP level 1. HP: 19/19 MP: 1/1
    75 | Abyss:3  | Noticed a large abomination
    81 | Abyss:3  | Noticed a large abomination
    88 | Abyss:3  | Noticed a tentacled starspawn
    92 | D:1      | Escaped the Abyss
   270 | D:1      | Reached XP level 2. HP: 26/26 MP: 2/2
   287 | D:1      | Reached * piety under Lugonu
   381 | D:1      | Reached skill level 1 in Dodging
   508 | D:1      | Reached XP level 3. HP: 33/33 MP: 3/3
   923 | D:2      | Found a burning altar of Makhleb.
  1027 | D:2      | Reached XP level 4. HP: 30/40 MP: 4/4
  1145 | D:2      | Found an iron altar of Okawaru.
  1259 | D:2      | Found an ancient bone altar of Kikubaaqudgha.
  1262 | D:2      | Found a hazy altar of Hepliaklqana.
  1263 | D:2      | Found a glowing silver altar of Zin.
  1607 | D:3      | Found a shadowy altar of Dithmenos.
  1752 | D:3      | Reached ** piety under Lugonu
  1892 | D:4      | Reached XP level 5. HP: 12/46 MP: 5/5
  1936 | D:4      | HP: 2/46 [scorpion (2)]
  1937 | D:4      | Slain by a scorpion

Skill      XL: |  1  2  3  4 |
---------------+-------------+-----
Armour         | 2 |  2.7
Dodging        | 1 |  1.4
Axes           | 2 3 |  3.1
Fighting       | |  3.8
Invocations    | |  2.6

Action                   |  1- 3 |  4- 6 || total
-------------------------+-------+-------++-------
Melee: Hand axe          |   105 |    16 ||   121
       War axe           |       |    91 ||    91
Invok: Depart the Abyss  |     1 |       ||     1
  Use: Scroll            |     4 |     2 ||     6
  Eat: Chunk             |    15 |    18 ||    33
       Meat ration       |     1 |       ||     1
Armor: Leather armour    |    48 |    28 ||    76
Dodge: Dodged            |    92 |    72 ||   164
